 Dungeon Crawl Stone Soup version 0.26.1-11-gd32895ea62 (webtiles) character file.

Game seed: 3858950115332457801

22184 buriedalive the Frost Mage (level 12, -8/115 HPs)
             Began as a Deep Elf Ice Elementalist on June 15, 2021.
             Was an Elder of Ashenzari.
             Killed from afar by a blizzard demon (10 damage)
             ... with a bolt of lightning
             ... in a Gauntlet on June 16, 2021.
             The game lasted 00:53:53 (23766 turns).

buriedalive the Frost Mage (DEIE)                  Turns: 23766, Time: 00:53:54

Health: -8/115     AC: 12    Str: 14    XL:     12   Next: 60%
Magic:  11/27      EV: 36    Int: 26    God:    Ashenzari [****..]
Gold:   1011       SH:  0    Dex: 15    Spells: 16/29 levels left

rFire    . . .     SeeInvis +   m - +1 rapier of Corruption {drain, rElec Str+3 Stlth+} (curse)
rCold    . . .     Faith    .   (no shield)
rNeg     . . .     Spirit   .   f - +1 leather armour {Will+} (curse)
rPois    +         Reflect  .   g - +2 helmet (curse)
rElec    +         Harm     .   N - +0 cloak
rCorr    .         Rampage  .   r - +1 pair of gloves (curse)
Will     ++...     Clarity  +   (no boots) Stlth ..........NoTele +
                                D - amulet of the acrobat
HPRegen  0.29/turn              b - ring of poison resistance (curse)
MPRegen  0.20/turn              p - +6 ring of strength (curse)

@: berserking (expiring), acrobat, very quick
A: hooves 1, molten scales 1, wild magic 1
a: Renounce Religion, Curse Item, Scrying


You were in a Gauntlet.
You worshipped Ashenzari.
Ashenzari was greatly pleased with you.
You visited 3 branches of the dungeon, and saw 15 of its levels.
You also visited: Bailey, Gauntlet and Ice Cave.

You collected 1011 gold pieces.

Inventory:

Hand Weapons
 m - the cursed +1 rapier of Corruption (weapon) {drain, rElec Str+3 Stlth+}
   (You found it on level 4 of the Dungeon)

   A truly terrible weapon, it drains the life of those it strikes.
   It affects your strength (+3).
   It insulates you from electricity.
   It makes you more stealthy.
   It has a curse placed upon it.
 K - a +4 dagger
 P - a +3 scimitar of flaming
Missiles
 c - 522 stones
 i - 58 poisoned darts (quivered)
 C - 5 atropa-tipped darts
 E - 91 boomerangs
 L - 3 curare-tipped darts
Armour
 f - a cursed +1 leather armour of willpower (worn)
 g - a cursed +2 helmet (worn)
 r - a cursed +1 pair of gloves (worn)
 N - a +0 cloak (worn)
 Q - the +1 cloak "Sodifaj" {Harm rF+++ Slay-5 SInv}
   (You found it in a Gauntlet)

   It affects your accuracy and damage with ranged weapons and melee attacks
   (-5).
   It renders you almost immune to fire.
   It lets you see invisible.
   It increases damage dealt and taken.
Jewellery
 b - a cursed ring of poison resistance (left hand)
 p - a cursed +6 ring of strength (right hand)
 u - an uncursed amulet of regeneration
 D - an amulet of the acrobat (around neck)
 M - an uncursed ring of wizardry
Wands
 h - a wand of acid (17)
 k - a wand of polymorph (7)
 y - a wand of random effects (12)
 z - a wand of paralysis (12)
Scrolls
 d - a scroll of immolation {unknown}
 l - 5 scrolls of remove curse
 n - 2 scrolls of magic mapping
 o - 2 scrolls of amnesia
 s - 2 scrolls of teleportation
 x - a scroll of blinking {unknown}
 A - 2 scrolls of fog
 B - a scroll of holy word {unknown}
 G - 2 scrolls of acquirement {unknown}
 I - a scroll of enchant weapon
 O - a scroll of torment {unknown}
Potions
 a - a potion of brilliance
 e - 15 potions of curing
 q - a potion of heal wounds
 t - 2 potions of berserk rage
 v - 2 potions of haste
 w - 2 potions of ambrosia
 F - 2 potions of mutation
 H - 4 potions of magic
 J - 3 potions of flight
Miscellaneous
 j - a phial of floods


   Skills:
 + Level 10.1 Fighting
 - Level 11.1(13.1) Dodging
 - Level 2.4(4.2) Stealth
 - Level 9.1 Spellcasting
 + Level 2.4(4.2) Conjurations
 - Level 6.0(8.3) Summonings
 - Level 4.5(6.7) Translocations
 - Level 12.9(14.9) Ice Magic


You had 16 spell levels left.
You knew the following spells:

 Your Spells              Type           Power        Failure   Level
a - Freeze                Ice            100%         1%          1
b - Frozen Ramparts       Ice            100%         1%          3
c - Ozocubu's Armour      Ice            86%          1%          3
d - Summon Ice Beast      Ice/Summ       76%          1%          4
e - Blink                 Tloc           N/A          1%          2

Your spell library contained the following spells:

 Spells                   Type           Power        Failure   Level
 Call Imp                 Summ           64%          1%          2
 Magic Dart               Conj           100%         2%          1
 Hailstorm                Conj/Ice       69%          2%          4
 Conjure Flame            Conj/Fire      30%          12%         3
 Slow                     Hex            17%          13%         2
 Mephitic Cloud           Conj/Pois/Air  26%          14%         3
 Iskenderun's Battlesphe  Conj           44%          38%         5
 Bolt of Magma            Conj/Fire/Erth 13%          75%         5
 Iron Shot                Conj/Erth      15%          99%         6
 Spellforged Servitor     Conj/Summ      27%          99%         7
 Orb of Destruction       Conj           22%          100%        7


Dungeon Overview and Level Annotations

Branches:
Dungeon (13/15)            Temple (1/1) D:5            Lair (1/6) D:9
    Orc (0/2) D:9          Bailey (visited)           IceCv (visited)
Gauntlet (1/1)
 Vaults: D:13-14

Altars:
Ashenzari
Cheibriados
Dithmenos
Elyvilon
Fedhas
Gozag
Hepliaklqana
Kikubaaqudgha
Makhleb
Nemelex Xobeh
Okawaru
Qazlal
Ru
Sif Muna
Trog
Uskayaw
Vehumet
Wu Jian
Xom
Yredelemnul
Zin
The Shining One

Shops:
D:7 (

Annotations:
D:6 1 runed translucent door
D:13 Frances Gauntlet 11 transporters


Innate Abilities, Weirdness & Mutations

You have large cloven feet.
You are partially covered in molten scales. (AC +2)
Your spells are a little harder to cast, but a little more powerful.


Message History

The blizzard demon is moderately wounded.
The ice devil enters a dispersal trap!
Your ice beast blinks!
The blizzard demon blinks!
Your ice beast blinks!
The blizzard demon blinks!
Your ice beast blinks!
The blizzard demon blinks!
You blink.
The ice devil blinks!
Your ice beast barely misses the blizzard demon.
You are too berserk!
The blizzard demon barely misses your ice beast.
The blizzard demon hits your ice beast! The ice devil hits your ice beast!
The ice devil freezes your ice beast.
Your ice beast completely resists.
Your ice beast hits the ice devil but does no damage.
You feel a strong urge to attack something.
The blizzard demon gestures at you.
The bolt of lightning hits your ice beast!
The bolt of lightning hits you! You resist.
You die...

#8# ≈.............,, #8
##########.#########.########
#≈.......#.#..≈∩≈..#.#.......
###........#©#.......#©#.......
#8#..###########...###########.
###..#.........#...#^..^.....#.
#....#.^##.##^.#...#^##.##.#.#.
###....#§##..Y##=#...#?#..#..^.#.
#8#..###§#...4.#@#...#[#.##.##.##
###..#©#.^..©.Y.©#...#©..#©.#..#©
#..#.#.#...2.#(#...#..##.##..#.
###..#.#.##...##[#...#$.^..#...#.
#8#..#.#.^##.##^.#...#.##.##.#.#.
###..#.#...Y.....#...#.^..^...2#.
.....#.###########...###########.
.....#.#...........≈...........#.
######.#######....≈8≈....#######.


You could see a blizzard demon and 2 friendly ice beasts.

Vanquished Creatures
  A hydra (D:13)
  5 two-headed ogres
  2 unseen horrors
  Pikel (D:6)
  An orc knight (Bailey)
  3 cyclopes
  A manticore (D:13)
  5 ugly things
  A rime drake (IceCv)
  A gargoyle (D:12)
  An efreet (D:13)
  A jumping spider (shapeshifter) (D:13)
  A slime creature (Gauntlet)
  A meliai zombie (D:13)
  5 wraiths
  2 shadows
  A wyvern (D:8)
  13 yaks
  Edmund (D:5)
  Duvessa (D:6)
  An acid dragon (D:13)
  2 water moccasins
  12 ice beasts
  2 sky beasts
  7 orc warriors
  A phantom (D:4)
  A necrophage (D:7)
  3 black bears
  2 centaurs
  4 ogres
  4 lemures (D:6)
  A big kobold (D:8)
  A wyvern zombie (D:10)
  11 bullfrogs
  Dowan (D:6)
  2 killer bees
  8 wights
  A centaur zombie (D:9)
  9 jellies
  4 human zombies (D:8)
  8 hounds
  8 orc priests
  6 orc wizards
  A bullfrog skeleton (D:5)
  Jessica (D:3)
  Terence (D:2)
  2 iguanas
  9 worker ants
  A hound zombie (D:8)
  3 mummies (D:8)
  A hound skeleton (D:4)
  14 gnolls
  14 adders
  11 white imps (D:13)
  An ufetubus (D:7)
  3 oozes
  4 adder skeletons
  An adder zombie (D:8)
  3 worms (D:3)
  2 dart slugs
  6 leopard geckos
  40 orcs
  7 giant cockroaches
  10 goblins
  11 hobgoblins
  23 jackals
  4 quokkas
  9 bats
  3 frilled lizards
  A jackal zombie (D:4)
  15 kobolds
  2 orc zombies (D:8)
  A quokka zombie (D:5)
  12 rats
363 creatures vanquished.

Vanquished Creatures (collateral kills)
  A hydra (D:11)
  3 two-headed ogres
  A centaur warrior (D:13)
  An ugly thing (D:12)
  An efreet (D:13)
  A troll (D:11)
  A yak (D:13)
  A water moccasin (D:11)
  4 ice beasts (IceCv)
  A sky beast (D:7)
  2 phantoms
  3 centaurs (D:11)
  A big kobold (D:9)
  A bullfrog (D:10)
  A gnoll sergeant (D:11)
  A wyvern skeleton (D:9)
  4 killer bees (D:11)
  2 wights (D:7)
  A quasit (D:9)
  2 orc wizards (D:11)
  An iguana (D:11)
  4 gnolls
  3 white imps
  An orc (D:12)
  2 kobolds
44 creatures vanquished.

Vanquished Creatures (others)
  An ugly thing (D:13)
  A rime drake (IceCv)
  A jelly (D:13)
  A fungus (Gauntlet)
  2 plants (Gauntlet)
  14 withered plants (Gauntlet)
20 creatures vanquished.

Grand Total: 427 creatures vanquished

Notes
Turn   | Place    | Note
-------+----------+-------------------------------------------
     0 | D:1      | buriedalive the Deep Elf Ice Elementalist began the quest
                  | for the Orb.
     0 | D:1      | Reached XP level 1. HP: 10/10 MP: 6/6
   287 | D:1      | Reached XP level 2. HP: 14/15 MP: 2/8
   907 | D:1      | Reached skill level 5 in Ice Magic
   907 | D:1      | Reached XP level 3. HP: 19/19 MP: 7/9
  1570 | D:2      | Noticed Terence
  1596 | D:2      | Killed Terence
  1597 | D:2      | Reached XP level 4. HP: 13/24 MP: 2/10
  1623 | D:2      | Noticed a bullfrog
  1635 | D:2      | Killed a bullfrog
  1636 | D:2      | Reached XP level 5. HP: 19/28 MP: 2/11
  1733 | D:2      | Learned a level 3 spell: Frozen Ramparts
  1737 | D:2      | Learned a level 3 spell: Ozocubu's Armour
  1772 | D:2      | You fall into a shaft and drop 1 floor!
  1777 | D:3      | Noticed Jessica
  1834 | D:3      | Killed Jessica
  1835 | D:3      | Reached skill level 5 in Dodging
  1835 | D:3      | Reached skill level 6 in Ice Magic
  3201 | D:3      | Reached XP level 6. HP: 25/32 MP: 8/12
  3702 | D:3      | Found a shimmering altar of Xom.
  4072 | D:4      | Reached skill level 7 in Ice Magic
  4613 | D:4      | Found a glowing golden altar of the Shining One.
  4677 | D:4      | Got a glimmering rapier
  4680 | D:4      | Identified the cursed +1 rapier of Corruption {drain, rElec
                  | Str+3 Stlth+} (You found it on level 4 of the Dungeon)
  4774 | D:4      | Reached XP level 7. HP: 29/36 MP: 13/13
  5438 | D:5      | Entered Level 5 of the Dungeon
  5527 | D:5      | Noticed Edmund
  5549 | D:5      | Killed Edmund
  5550 | D:5      | Reached skill level 8 in Ice Magic
  5590 | D:5      | Learned a level 4 spell: Summon Ice Beast
  6097 | D:5      | Found a staircase to the Ecumenical Temple.
  6169 | Temple   | Entered the Ecumenical Temple
  6301 | Temple   | Became a worshipper of Ashenzari the Shackled
  6577 | D:5      | Reached skill level 1 in Summonings
  6625 | D:6      | Noticed Pikel
  6625 | D:6      | Noticed Dowan
  6885 | D:6      | Killed Pikel
  6886 | D:6      | Reached XP level 8. HP: 36/41 MP: 2/14
  6949 | D:6      | Noticed Duvessa
  6955 | D:6      | Killed Duvessa
  6967 | D:6      | Killed Dowan
  6968 | D:6      | Reached skill level 5 in Summonings
  7148 | D:6      | Reached skill level 10 in Dodging
  7550 | D:6      | Reached XP level 9. HP: 40/45 MP: 9/15
  7769 | D:6      | Found a runed translucent door.
  7772 | D:6      | Found a white marble altar of Elyvilon.
  7772 | D:6      | Noticed an angel
  8188 | D:7      | Found a glowing silver altar of Zin.
  8268 | D:7      | Found Ysumn's Antique Weapon Boutique.
  9145 | D:7      | Found a burning altar of Makhleb.
  9163 | D:7      | Reached * piety under Ashenzari
  9399 | D:7      | Reached skill level 1 in Fighting
  9647 | D:8      | Found a flagged portal.
  9664 | Bailey   | Entered a bailey
 10142 | Bailey   | Noticed an orc knight
 10153 | Bailey   | Killed an orc knight
 10154 | Bailey   | Reached skill level 9 in Ice Magic
 10872 | D:9      | Learned a level 2 spell: Blink
 11164 | D:9      | Found a staircase to the Orcish Mines.
 11957 | D:9      | Found a staircase to the Lair.
 12345 | D:8      | Reached XP level 10. HP: 43/56 MP: 16/16
 12560 | D:8      | Reached skill level 10 in Ice Magic
 13274 | D:8      | Reached ** piety under Ashenzari
 13641 | D:8      | Found a basalt altar of Yredelemnul.
 13840 | D:8      | Reached skill level 5 in Fighting
 14510 | D:10     | Entered Level 10 of the Dungeon
 14616 | D:10     | Noticed a two-headed ogre
 14624 | D:10     | Killed a two-headed ogre
 14625 | D:10     | Reached skill level 1 in Translocations
 15453 | D:10     | Reached skill level 11 in Ice Magic
 15598 | D:10     | Killed an unseen horror
 15931 | D:10     | Gained mutation: You are somewhat resistant to further
                  | mutation. [potion of mutation]
 15932 | D:10     | Lost mutation: You are somewhat resistant to further
                  | mutation. [potion of mutation]
 15932 | D:10     | Gained mutation: You are partially covered in molten
                  | scales. (AC +2) [potion of mutation]
 15932 | D:10     | Gained mutation: You have large cloven feet. [potion of
                  | mutation]
 15932 | D:10     | Gained mutation: Your spells are a little harder to cast,
                  | but a little more powerful. [potion of mutation]
 15941 | D:11     | Noticed a cyan ugly thing
 15950 | D:11     | Killed a cyan ugly thing
 16169 | D:11     | Reached XP level 11. HP: 65/65 MP: 12/17
 16836 | D:11     | Noticed a green ugly thing
 16838 | D:11     | Noticed a green ugly thing
 16863 | D:11     | Killed a green ugly thing
 16868 | D:11     | Killed a green ugly thing
 17044 | D:11     | Noticed a four-headed hydra
 17073 | D:11     | Killed a four-headed hydra
 17074 | D:11     | Reached skill level 12 in Ice Magic
 17479 | D:11     | Reached *** piety under Ashenzari
 17644 | D:11     | Noticed a two-headed ogre
 17648 | D:11     | Noticed a two-headed ogre
 17651 | D:11     | Killed a two-headed ogre
 17653 | D:11     | Killed a two-headed ogre
 18025 | D:12     | Noticed a two-headed ogre
 18026 | D:12     | Noticed a cyan ugly thing
 18033 | D:12     | Killed a two-headed ogre
 18041 | D:12     | Killed a cyan ugly thing
 18901 | D:12     | Noticed a two-headed ogre
 18948 | D:12     | Killed a two-headed ogre
 19646 | D:13     | Noticed a centaur warrior
 19646 | D:13     | Noticed a white ugly thing
 19646 | D:13     | Noticed a two-headed ogre
 19648 | D:13     | Noticed a cyan ugly thing
 19658 | D:13     | Killed a two-headed ogre
 19716 | D:13     | Noticed a cyan ugly thing
 19717 | D:13     | Killed a white ugly thing
 19727 | D:13     | Killed a cyan ugly thing
 19728 | D:13     | Reached skill level 5 in Spellcasting
 19958 | D:13     | Reached XP level 12. HP: 57/75 MP: 20/22
 19966 | D:13     | Noticed a six-headed hydra
 19981 | D:13     | Killed a six-headed hydra
 19990 | D:13     | Noticed a two-headed ogre
 20058 | D:13     | Found a frozen archway.
 20058 | D:13     | Noticed a two-headed ogre
 20072 | D:13     | Killed a two-headed ogre
 20080 | D:13     | Killed a two-headed ogre
 20086 | D:13     | Killed a centaur warrior
 20111 | D:13     | Noticed Frances
 20173 | IceCv    | Entered an ice cave
 21634 | IceCv    | Noticed an ice dragon
 21634 | IceCv    | Noticed an ice dragon
 21639 | IceCv    | HP: 3/77 [ice dragon/blast of cold (21)]
 22601 | D:13     | Reached skill level 10 in Fighting
 22601 | D:13     | Reached skill level 1 in Conjurations
 23091 | Lair:1   | Entered Level 1 of the Lair of Beasts
 23104 | Lair:1   | Found a gate leading to a gauntlet.
 23113 | Gauntlet | Entered a Gauntlet
 23113 | Gauntlet | Found a transporter.
 23113 | Gauntlet | Found a transporter.
 23113 | Gauntlet | Reached **** piety under Ashenzari
 23119 | Gauntlet | Found a transporter.
 23133 | Gauntlet | Found a transporter.
 23151 | Gauntlet | Found a transporter.
 23161 | Gauntlet | Found a transporter.
 23163 | Gauntlet | Noticed a blizzard demon
 23177 | Gauntlet | Found a transporter.
 23178 | Gauntlet | Identified the ring of the Good {*Tele +Fly rElec}
 23243 | Gauntlet | Found a transporter.
 23258 | Gauntlet | Found a transporter.
 23279 | Gauntlet | Found a transporter.
 23286 | Gauntlet | Found a transporter.
 23291 | Gauntlet | Identified the amulet of Uxuiph {Will+ Regen+ Str+5}
 23375 | Gauntlet | Found a transporter.
 23384 | Gauntlet | Found a transporter.
 23384 | Gauntlet | Noticed a green death
 23386 | Gauntlet | Found the +2 hood of the Assassin {Detection Stab+ Stlth++}
 23386 | Gauntlet | Found a transporter.
 23389 | Gauntlet | Found a transporter.
 23395 | Gauntlet | Found a transporter.
 23679 | Gauntlet | Got the uncursed cloak "Sodifaj" {Harm rF+++ Slay-5 SInv}
 23763 | Gauntlet | HP: 2/115 [blizzard demon (12)]
 23766 | Gauntlet | Killed from afar by a blizzard demon

Illustrated notes

Levels and vault maps discovered:
D:1:      dpeg_arrival_water_temple_mockup, layout_loops_ring
D:2:      layout_basic, uniq_terence
D:3:      layout_rooms, nicolae_overflow_hidden_temple,
          kennysheep_generic_room_2, uniq_jessica
D:4:      layout_cave_pools, serial_co_window_serial, co_window_paths_b,
          co_window_paths_a, co_window_paths_b, co_window_paths_a,
          co_window_cross_1, co_window_paths_b, co_window_broadway_c,
          co_window_of_opportunity_c, co_window_2corner,
          co_window_unsneaky_path_d, co_window_paths_d,
          nicolae_tso_swordbearing_angel
D:5:      layout_basic, minmay_temple_entry_poolview, sigmund_army, uniq_edmund
D:6:      layout_rooms, minmay_misc_feat_encased, lemuel_angel_altar,
          uniq_pikel, uniq_duvessa
D:7:      layout_loops_cross, serial_shops, kennysheep_mini_moat, minivault_1,
          hangedman_feature_mirror, grunt_ministairs_5
D:8:      minmay_imperfect_grid, layout_basic, enter_bailey_4,
          lemuel_mausoleum_altar_yredelemnul
D:9:      lemuel_ice_spiral_2, layout_basic, lair_entry_dummy, orc_0_dummy
D:10:     layout_gridville
D:11:     layout_cave_pools
D:12:     layout_layer_cave, kennysheep_generic_room_12
D:13:     layout_basic, portal_ice_cave_entry_imps, uniq_frances
Temple:   minmay_crystal_snake_temple
Lair:1:   layout_long_grid, gauntlet_entry_generic, grunt_megastairs_5,
          lemuel_fruit_fields
Gauntlet: gammafunk_gauntlet_branching [gammafunk_gauntlet_arena_teeth,
          gammafunk_gauntlet_arena_grid, gammafunk_gauntlet_arena_arrow_garden,
          nicolae_gauntlet_arena_quarters, gammafunk_gauntlet_arena_mazey,
          gammafunk_gauntlet_arena_split_x,
          gammafunk_gauntlet_arena_split_diamond,
          nicolae_gauntlet_arena_grate_2,
          nicolae_gauntlet_exit_dead_adventurers]

Skill      XL: |  1  2  3  4  5  6  7  8  9 10 11 12 |
---------------+-------------------------------------+-----
Dodging        | 3 4 5 6 9 10 11 | 11.1
Ice Magic      | 5 6 7 8 9 11 12 | 12.9
Summonings     | 4 5 6 |  6.0
Fighting       | 4 6 8 10 | 10.1
Translocations | 4 |  4.5
Spellcasting   | 5 9 |  9.1
Conjurations   | 2 |  2.4
Stealth        | |  2.4

Action                   |  1- 3 |  4- 6 |  7- 9 | 10-12 || total
-------------------------+-------+-------+-------+-------++-------
Melee: Unarmed           |     7 |     8 |       |       ||    15
       Dagger            |    27 |    41 |       |       ||    68
       Long sword        |       |    38 |       |       ||    38
       Rapier            |       |     4 |   272 |   537 ||   813
       Kick              |       |       |       |   116 ||   116
Throw: Dart              |       |       |     5 |     9 ||    14
 Cast: Freeze            |    51 |    34 |     5 |     2 ||    92
       Frozen Ramparts   |       |    12 |    45 |    61 ||   118
       Ozocubu's Armour  |       |     2 |    21 |    46 ||    69
       Summon Ice Beast  |       |       |    22 |    57 ||    79
Invok: Curse Item        |       |       |     5 |       ||     5
Evoke: Wand              |       |       |       |     2 ||     2
  Use: Scroll            |     1 |    10 |    10 |     7 ||    28
       Potion            |       |       |       |    16 ||    16
 Stab: Sleeping          |     2 |     7 |    14 |    12 ||    35
       Distracted        |       |       |     1 |     1 ||     2
Armor: Robe              |    14 |    25 |    51 |       ||    90
       Skin              |       |     2 |       |       ||     2
       Leather armour    |       |       |    28 |   152 ||   180
Dodge: Dodged            |    56 |   106 |   287 |   602 ||  1051
       Rpst.: Long sword |       |    19 |       |       ||    19
